Unix NetHack Version 5.0.0-0 post-release - last build Jun 10 2026 00:39:30 (3ee93aec679c4c4259841fe613dc97188e26a321,branch:main).

Game began 2026-06-21 21:30:08, ended 2026-06-22 18:53:33.

Eymerich, chaotic male elven Priest

                   ----------------
                   |...............####
                  #.......>.......|   #
               ####-----------.----   #+
    --------- ##                      #
    |)@m[[[.-##                       ####
    |[[.[[[@|            ##             ##0
    |[[))[[.|       ##################0  #
    |[[[[[[.|       #          -------.--#
    ---------       #       ###........<|#
                    #      ##  |........|#
                   -.---- ##   |.........#
                   |....-###   ----------##
                   |....|
                   |....|
                   ------

Eymerich the Acolyte         St:12 Dx:8 Co:15 In:15 Wi:17 Ch:8  Chaotic
Dlvl:3  $:0  HP:0(23) Pw:30(31) AC:2  Xp:3 T:764  Hungry   Burdened

Latest messages:
 What do you want to take off? [bcs or ?*]
 You were wearing a blessed +0 small shield.
 What do you want to drop? [$a-uwx or ?*]
 You drop a blessed +0 small shield.
 Midyat offers 2 gold pieces for your small shield.  Sell it? [ynaq] (n)
 You sold a blessed +0 small shield for 2 gold pieces.
 You see here a ring mail (for sale, 133 zorkmids).
 You see here 11 throwing stars (for sale, 77 zorkmids).
 You see here a rusty war hammer (for sale, 20 zorkmids).
 You see here a leather jacket (for sale, 13 zorkmids).
 You see here an iron skull cap (for sale, 18 zorkmids).
 You see here a large shield (for sale, 53 zorkmids).
 You see here a crude chain mail (for sale, 133 zorkmids).
 You see here a splint mail (for sale, 107 zorkmids).
 You see here a cursed pair of buckled boots (for sale, 40 zorkmids).
 "For you, good hir; only 40 zorkmids for this pair of buckled boots."
 v - a cursed pair of buckled boots (unpaid, 40 zorkmids).
 You see here a robe (for sale, 67 zorkmids).
 You see here a ring mail (for sale, 133 zorkmids).
 You see here a cursed burnt crossbow (for sale, 53 zorkmids).
 You see here a crystal plate mail (for sale, 1093 zorkmids).
 You have a little trouble lifting a crystal plate mail.  Continue? [ynq] (q)
 "For you, esteemed hir; only 1093 zorkmids for this crystal plate mail."
 You have a little trouble lifting y - a crystal plate mail (unpaid, 1093 zorkmids).
 Your movements are slowed slightly because of your load.
 What do you want to take off? [bs or ?*]
 You can't take that off without taking off your robe first.
 What do you want to take off? [bs or ?*]
 You were wearing a +0 robe.
 What do you want to take off? [rs or ?*]
 You finish taking off your suit.
 What do you want to wear? [bry or ?*]
 You finish your dressing maneuver.
 That strange object is a small mimic!
 The small mimic misses!
 You miss the small mimic.
 The small mimic hits!
 You hit the small mimic!
 The small mimic misses!
 You miss the small mimic.
 The small mimic hits!
 You hit the small mimic!
 You miss the small mimic.
 You miss the small mimic.
 The small mimic hits!
 You hit the small mimic!
 The small mimic hits!
 You die...
 Midyat comes and takes all your possessions.
 Do you want to see what you had when you died? [ynq] (y)

Inventory:
 Amulets  ('"')
  w - an amulet of magical breathing
  o - a cursed amulet of restful sleep
 Weapons  (')')
  k - 56 +0 darts
  t - a blessed +0 dagger
  a - a blessed +1 mace (weapon in right hand)
 Armor    ('[')
  m - a +0 pair of high boots
  v - a cursed -1 pair of levitation boots
  s - a +0 pair of low boots (being worn)
  b - a +0 robe
  y - a +0 crystal plate mail (being worn)
  r - a blessed +1 leather armor
 Comestibles  ('%')
  x - 2 apples
  e - a clove of garlic
  f - a sprig of wolfsbane
 Spellbooks  ('+')
  h - a spellbook of detect monsters
  g - a spellbook of light
 Potions  ('!')
  u - a potion of healing
  n - a potion of invisibility
  p - a potion of paralysis
  d - 4 potions of holy water
 Wands    ('/')
  q - a wand of sleep (0:7)
 Tools    ('(')
  j - a bugle
  i - a magic marker (0:22)
 Gems/Stones  ('*')
  l - a cursed worthless piece of blue glass named soft

Eymerich the Priest's attributes:

Background:
 You were an Acolyte, a level 3 elven Priest.
 You were chaotic, on a mission for Loki
 who was opposed by Tyr (lawful) and Odin (neutral).
 You were right-handed.
 You were in the Dungeons of Doom, on level 3.
 You entered the dungeon 764 turns ago.
 You had 40 experience points, 40 more were needed to attain level 4.

Basics:
 You had 0 out of 23 hit points.
 You had 30 out of 31 energy points (spell power).
 Your armor class was 2.
 Your wallet was empty.
 Autopickup was off.

Final Characteristics:
 Your strength was 12 (limit:18).
 Your dexterity was 8 (limit:18).
 Your constitution was 15 (limit:16).
 Your intelligence was 15 (limit:20).
 Your wisdom was 17 (limit:20).
 Your charisma was 8 (limit:18).

Final Status:
 You were hungry.
 You were burdened; movement was slightly slowed.
 You were wielding a mace.
 You had basic skill with mace.

Final Attributes:
 You were fervently aligned.
 You had infravision.
 You were guarded.
 You are dead.

Miscellaneous:
 You didn't encounter any bones levels.
 Total elapsed playing time was 29 minutes and 25 seconds.

Major events:
 Turn
    1: Eymerich the chaotic elven Priest entered the dungeon
  689: attained the rank of Acolyte (level 3)
  764: killed by a small mimic

Spells:
 Name                 Level Category     Fail Retention
 light                  1   clerical       0%  91%-100%
 detect monsters        1   divination     0%  76%-100%

Skills:
 Fighting Skills
   bare handed combat [Unskilled]
 Weapon Skills
   club               [Unskilled]
   mace               [Basic]
   morning star       [Unskilled]
   flail              [Unskilled]
   hammer             [Unskilled]
   quarterstaff       [Unskilled]
   polearms           [Unskilled]
   spear              [Unskilled]
   trident            [Unskilled]
   lance              [Unskilled]
   bow                [Unskilled]
   sling              [Unskilled]
   crossbow           [Unskilled]
   dart               [Unskilled]
   shuriken           [Unskilled]
   boomerang          [Unskilled]
   unicorn horn       [Unskilled]
 Spellcasting Skills
   healing spells     [Unskilled]
   divination spells  [Unskilled]
   clerical spells    [Basic]

Voluntary challenges:
 Character rerolling was not enabled.
 You were an atheist.
 You were illiterate.
 You never genocided any monsters.
 You never polymorphed an object.
 You never changed form.
 You used no wishes.
Achievements:
 You attained the rank of Acolyte.
 You entered a shop.

 The Dungeons of Doom: levels 1 to 4
    Level 1:
    Level 2:
       A fountain, a sink.
    Level 3: <- You were here.
       An armor shop.
       Final resting place for
          you, killed by a small mimic.
    Level 4:


Vanquished creatures:
  a kitten
  a large kobold
  a fox
  2 kobolds
  4 grid bugs
  a bat
  3 lichens
  a newt
14 creatures vanquished.

No species were genocided or became extinct.

Game over:
                       ----------
                      /          \
                     /    REST    \
                    /      IN      \
                   /     PEACE      \
                  /                  \
                  |     Eymerich     |
                  |       0 Au       |
                  |   killed by a    |
                  |   small mimic    |
                  |                  |
                  |                  |
                  |       2026       |
                 *|     *  *  *      | *
        _________)/\\_//(\/(/\)/\//\/|_)_______

Goodbye Eymerich the Priest...

You died in The Dungeons of Doom on dungeon level 3 with 320 points,
and 0 pieces of gold, after 764 moves.
You were level 3 with a maximum of 23 hit points when you died.

